 Dungeon Crawl Stone Soup version 0.22.1-6-g1668fe2c40 (webtiles) character file.

46 Nixze the Firebug (level 3, -6/26 HPs)
             Began as a Draconian Fire Elementalist on Jan 27, 2019.
             Killed from afar by Sigmund (9 damage)
             ... with a magic dart
             ... on level 2 of the Dungeon.
             The game lasted 00:05:21 (2707 turns).

Nixze the Firebug (Draconian Fire Elementalist)     Turns: 2707, Time: 00:05:22

Health: -6/26      AC:  6    Str: 10    XL:     3   Next: 46%
Magic:  3/6        EV: 12    Int: 16    God:
Gold:   75         SH:  0    Dex: 11    Spells: 0/6 levels left

rFire    . . .     SeeInvis .   c - +0 dagger
rCold    . . .     Gourm    .   (no shield)
rNeg     . . .     Faith    .   (armour unavailable)
rPois    .         Spirit   .   (helmet restricted)
rElec    .         Reflect  .   (no cloak)
rCorr    .         Harm     .   (no gloves)
MR       .....                  k - +0 pair of boots
Stlth    +.........             (no amulet)
HPRegen  0.08/turn              (no ring)
MPRegen  0.10/turn              (no ring)

@: confused
A: unfitting armour, cold-blooded, AC +5
a: no special abilities


You were on level 2 of the Dungeon.
You were not hungry.

You visited 1 branch of the dungeon, and saw 2 of its levels.

You collected 75 gold pieces.

Inventory:

Hand Weapons
 c - a +0 dagger (weapon)
Armour
 k - a +0 pair of boots (worn)
Scrolls
 a - 2 scrolls of magic mapping {unknown}
 d - a scroll of teleportation {unknown}
 e - 2 scrolls of amnesia {unknown}
 f - 2 scrolls of identify {unknown}
 h - a scroll of remove curse {unknown}
Potions
 g - a potion of heal wounds {unknown}
 i - a potion of ambrosia {unknown}
Comestibles
 b - a ration
 j - 3 chunks of flesh


   Skills:
 - Level 1.7 Dodging
 - Level 1.7 Stealth
 - Level 2.0 Spellcasting
 - Level 1.0 Conjurations
 + Level 4.5 Fire Magic


You couldn't memorise any spells.
You knew the following spells:

 Your Spells              Type           Power        Failure   Level  Hunger
a - Flame Tongue          Conj/Fire      ##...        7%          1    #......
b - Throw Flame           Conj/Fire      ##....       10%         2    ###....
c - Conjure Flame         Conj/Fire      ##......     21%         3    ###....

Your spell library contained the following spells:

 Spells                   Type           Power        Failure   Level  Hunger
 Inner Flame              Hex/Fire       #.......     24%         3    ###....
 Sticky Flame             Conj/Fire      ##......     54%         4    #####..
 Fireball                 Conj/Fire      ##........   88%         5    ######.


Dungeon Overview and Level Annotations

Branches:
Dungeon (2/15)

Altars:

Annotations:
D:2 Robin, Sigmund


Innate Abilities, Weirdness & Mutations

Your plain brown scales are hard. (AC +5)
You cannot fit into any form of body armour.
You are cold-blooded and may be slowed by cold attacks.


Message History

You're too confused to move!
Something hits you.
You're too confused to move!
You feel less confused. Something hits you!
You hit something but do no damage. You miss something.
You tail-slap something. Something hits you. Something hits you!
* * * LOW HITPOINT WARNING * * *
There is a shaft here.
Your magical contamination has completely faded away.
You hear some strange, mumbled words.
You are confused.
You hear some strange, mumbled words.
You are more confused.
You hear some strange, mumbled words.
Something tries to affect you, but you resist.
A magic dart appears from out of thin air!
The magic dart hits you!
You die...

#.#....#....#.#.
##################.#)...#....#.#.
#...........^....#.#.#....)..#>#.
#.##############.#.#...........#.
#.# ####.#.#....#.####.#. #.#
#....#>#....########. #.#
#....#.....<......... ..#
#.......(....######## ###
#...@...(..#.# #...######.#.#
#.### #.#.# #.# #.#.# ..
#######.##### #.#.# ...
............# #.#.#
......#######.###.# #.#.#
g...............# #.#
..............#.#


There were no monsters in sight!

Vanquished Creatures
  An ooze (D:1)
  A worm (D:2)
  2 dart slugs
  A leopard gecko (D:1)
  12 goblins
  2 hobgoblins
  6 kobolds
  A ball python (D:1)
  2 bats
  3 frilled lizards
  A rat (D:1)
32 creatures vanquished.

Notes
Turn   | Place    | Note
-------+----------+-------------------------------------------
     0 | D:1      | Nixze the Draconian Fire Elementalist began the quest for
                  | the Orb.
     0 | D:1      | Reached XP level 1. HP: 14/14 MP: 3/3
   482 | D:1      | Reached XP level 2. HP: 20/20 MP: 1/5
   561 | D:1      | Learned a level 2 spell: Throw Flame
  1040 | D:1      | Reached skill level 4 in Fire Magic
  1616 | D:2      | Noticed Sigmund
  2086 | D:2      | Reached XP level 3. HP: 24/26 MP: 3/6
  2148 | D:2      | Learned a level 3 spell: Conjure Flame
  2275 | D:2      | Noticed Robin
  2707 | D:2      | Killed from afar by Sigmund

Skill      XL: |  1  2 |
---------------+-------+-----
Fire Magic     | 4 |  4.5
Dodging        | |  1.7
Stealth        | |  1.7
Spellcasting   | |  2.0
Conjurations   | |  1.0

Action                   || total
-------------------------++-------
Melee: Dagger            ||    33
       Tailslap          ||     5
 Cast: Flame Tongue      ||    47
       Throw Flame       ||     8
       Conjure Flame     ||     2
  Eat: Ration            ||     2
       Chunk             ||     1
Armor: Skin              ||    13
Dodge: Dodged            ||    20
